 Dungeon Crawl Stone Soup version 0.25.1-2-g60ff931df9 (webtiles) character file.

Game seed: 17956680749752711200

302 DerDa the Stinger (level 6, -1/41 HPs)
             Began as a Formicid Venom Mage on Sept 26, 2020.
             Slain by an ogre
             ... wielding a cursed -1 giant club
              (19 damage)
             ... on level 5 of the Dungeon.
             The game lasted 00:10:01 (4708 turns).

DerDa the Stinger (Formicid Venom Mage)             Turns: 4708, Time: 00:10:02

Health: -1/41      AC:  2    Str: 12    XL:     6   Next: 65%
Magic:  2/11       EV: 12    Int: 17    God:
Gold:   272        SH:  0    Dex: 11    Spells: 3/12 levels left

rFire    . . .     SeeInvis +   f - +0 short sword
rCold    . . .     Gourm    .   (no shield)
rNeg     . . .     Faith    .   a - +0 robe
rPois    .         Spirit   .   (helmet unavailable)
rElec    .         Reflect  .   (no cloak)
rCorr    .         Harm     .   (no gloves)
MR       .....                  (no boots)
Stlth    ++........             (no amulet)
HPRegen  0.13/turn              (no ring)
MPRegen  0.12/turn              (no ring)

@: no status effects
A: permanent stasis, dig shafts and tunnels, four strong arms, antennae 3
a: Dig, Shaft Self


You were on level 5 of the Dungeon.
You were not hungry.

You visited 1 branch of the dungeon, and saw 5 of its levels.

You collected 272 gold pieces.

Inventory:

Hand Weapons
 f - a +0 short sword (weapon)
 g - a +0 club
Missiles
 i - 13 sling bullets
 n - 71 stones (quivered)
 p - 4 javelins
 s - 8 poisoned darts
 w - 39 arrows
Armour
 a - a +0 robe (worn)
Wands
 v - a wand of flame (5)
Scrolls
 b - 2 scrolls of enchant armour {unknown}
 e - a scroll of random uselessness {unknown}
 h - 5 scrolls of identify {unknown}
 j - 2 scrolls of teleportation {unknown}
 o - 3 scrolls of immolation {unknown}
Potions
 d - 2 potions of brilliance {unknown}
 l - a potion of curing {unknown}
 m - 2 potions of ambrosia {unknown}
 q - a potion of magic {unknown}
 r - 3 potions of heal wounds {unknown}
 t - a potion of lignification {unknown}
 u - 2 potions of degeneration {unknown}
Comestibles
 c - 9 rations


   Skills:
 + Level 2.4 Dodging
 - Level 2.4 Stealth
 * Level 3.8 Spellcasting
 * Level 3.4 Transmutations
 + Level 1.4 Air Magic
 * Level 5.8 Poison Magic


You had 3 spell levels left.
You knew the following spells:

 Your Spells              Type           Power        Failure   Level  Hunger
a - Sting                 Tmut/Pois      ###.         2%          1    None
b - Mephitic Cloud        Conj/Pois/Air  ##......     19%         3    ###....
c - Ignite Poison         Fire/Tmut/Pois ##......     14%         3    ###....
u - Poisonous Vapours     Pois/Air       ###...       5%          2    ##.....

Your spell library contained the following spells:

 Spells                   Type           Power        Failure   Level  Hunger
 Olgreb's Toxic Radiance  Pois           ###.....     14%         4    ####...


Dungeon Overview and Level Annotations

Branches:
Dungeon (5/15)
 Temple: D:4-7

Altars:
Dithmenos
Fedhas
Hepliaklqana
Makhleb
Qazlal
Wu Jian
The Shining One


Innate Abilities, Weirdness & Mutations

You cannot be hasted, slowed, berserked, paralysed or teleported.
You can dig through walls and to a lower floor.
Your four strong arms can wield two-handed weapons with a shield.
You have a pair of large antennae on your head. (SInv)


Message History

The ogre is severely wounded.
Casting: Sting (safe; 2% risk of failure)
Confirm with . or Enter, or press ? or * to list all spells.
Aiming: Sting (safe; 2% risk of failure)
Press: ? - help, Shift-Dir - straight line, f - orc, p - ogre
Aim: an orc, wielding a +0 hand axe and wearing a +0 chain mail The sting hits the orc.
The orc is poisoned.
The orc is lightly wounded.
The ogre hits you with a cursed -1 giant club!!
Ouch! That really hurt!
Casting: Sting (safe; 2% risk of failure)
Confirm with . or Enter, or press ? or * to list all spells.
Aiming: Sting (safe; 2% risk of failure)
Press: ? - help, Shift-Dir - straight line, f/p - orc
Aim: an orc, wielding a +0 hand axe and wearing a +0 chain mail (lightly wounded, poisoned)
The sting hits the orc but does no damage.
The orc looks even sicker.
The orc is lightly wounded.
The ogre hits you with a cursed -1 giant club!!
You die...

.........#..#
............#
............###
...........$..#
..!............
...............
...............
.......@.o.....
....(..OZ......
...............
...............
..............?
.......?.......
...............
...............


You could see an ogre (extremely poisoned), an orc (very poisoned) and an adder
skeleton.

Vanquished Creatures
  An ogre (D:4)
  An orc priest (D:3)
  An iguana (D:4)
  3 gnolls (D:4)
  3 adders
  3 shadow imps (D:3)
  2 worms (D:2)
  3 dart slugs
  2 leopard geckos
  A giant cockroach (D:1)
  6 goblins
  11 hobgoblins
  2 jackals (D:3)
  2 quokkas (D:3)
  10 bats
  9 frilled lizards
  7 kobolds
  2 rats (D:3)
69 creatures vanquished.

Notes
Turn   | Place    | Note
-------+----------+-------------------------------------------
     0 | D:1      | DerDa the Formicid Venom Mage began the quest for the Orb.
     0 | D:1      | Reached XP level 1. HP: 13/13 MP: 3/3
   269 | D:1      | Reached XP level 2. HP: 19/19 MP: 0/5
   273 | D:1      | Learned a level 2 spell: Poisonous Vapours
   587 | D:1      | Reached XP level 3. HP: 16/24 MP: 3/6
   592 | D:1      | Learned a level 3 spell: Mephitic Cloud
  1212 | D:2      | Found an ornate altar of the Wu Jian Council.
  1244 | D:2      | Found a burning altar of Makhleb.
  1848 | D:2      | Found a shadowy altar of Dithmenos.
  2433 | D:3      | Reached XP level 4. HP: 30/30 MP: 5/8
  2724 | D:3      | Found a transporter.
  2793 | D:3      | Found a transporter.
  2812 | D:3      | Reached skill level 5 in Poison Magic
  2827 | D:3      | Learned a level 3 spell: Ignite Poison
  3206 | D:3      | Found a stormy altar of Qazlal.
  3210 | D:3      | Found a hazy altar of Hepliaklqana.
  3212 | D:3      | Found a blossoming altar of Fedhas.
  3214 | D:3      | Found a glowing golden altar of the Shining One.
  3283 | D:3      | Reached skill level 1 in Air Magic
  3283 | D:3      | Reached XP level 5. HP: 24/35 MP: 4/9
  3805 | D:4      | Noticed an ogre
  3814 | D:4      | Killed an ogre
  3814 | D:4      | Reached XP level 6. HP: 41/41 MP: 1/11
  4700 | D:5      | Entered Level 5 of the Dungeon
  4700 | D:5      | Noticed an ogre
  4708 | D:5      | Slain by an ogre

Illustrated notes

Levels and vault maps discovered:
D:1:      nicolae_arrival_somewhat_less_tricky_arrival, layout_basic,
          grunt_decor_arrowhead, minmay_indecisive_spiral
D:2:      layout_basic, nicolae_dithmenos_shadow_blocks,
          grunt_temple_overflow_open, minmay_misc_feat_hallway
D:3:      gammafunk_wand_slinger, layout_rooms, minitemple
D:4:      layout_basic, first_ration, small_statue_intersection
D:5:      layout_layer_cave, nemelex_xobeh_ov_fountains_minmay,
          minmay_temple_entry_oklob, cheibrodos_sewer_entry_drain

Skill      XL: |  1  2  3  4  5 |
---------------+----------------+-----
Dodging        | 2 |  2.4
Transmutations | 2 3 |  3.4
Spellcasting   | 3 |  3.8
Poison Magic   | 5 |  5.8
Air Magic      | 1 |  1.4
Stealth        | |  2.4

Action                   |  1- 3 |  4- 6 || total
-------------------------+-------+-------++-------
Melee: Club              |     7 |       ||     7
       Unarmed           |     2 |       ||     2
       Short sword       |     4 |    13 ||    17
 Cast: Sting             |    50 |    64 ||   114
       Poisonous Vapours |     4 |    18 ||    22
Evoke: Wand              |       |     9 ||     9
  Eat: Chunk             |     5 |     8 ||    13
Armor: Robe              |     4 |     7 ||    11
Dodge: Dodged            |    14 |    13 ||    27
